AoeStats
← unicorn

Arabia

509896384Analyzed
1v1 RM · 4d ago on Sep 28, 2026· 52m 26s· 2 players
Game mode
Random Map
Map size
Tiny (2 player)
Population
200
Speed
Normal
Resources
Standard
Victory
Conquest
Starting age
Dark Age
Ending age
Imperial Age
RankedLock teamsTeams togetherTeam positionsShared explorationLock speedFull tech treeHidden civsTurbo modeCheats
Victory
Defeat
🇫🇷 Mongols · France
1422
+15
🇷🇺 Varangians · Russia
1399
-15
unicorn
6:55 Loom
10:04 Feudal Age
10:43 Double-Bit Axe
12:05 Horse Collar
16:59 Bloodlines
21:38 Castle Age
20:31 Gold Mining
21:08 Fletching
23:21 Wheelbarrow
22:59 Bow Saw
23:04 Husbandry
23:17 Padded Archer Armor
23:21 Bodkin Arrow
25:43 Leather Archer Armor
30:00 Ballistics
37:27 Scale Barding Armor
37:33 Forging
38:43 Chain Barding Armor
44:02 Imperial Age
42:25 Iron Casting
42:27 Vendel Legacy
45:19 Plate Barding Armor
44:23 Cavalier
48:36 Conscription
48:23 Light Cavalry
cehem
6:49 Loom
8:50 Feudal Age
9:25 Loom
9:34 Double-Bit Axe
10:03 Horse Collar
11:04 Town Watch
19:48 Castle Age
18:13 Fletching
18:31 Padded Archer Armor
20:32 Bloodlines
23:31 Thumb Ring
23:28 Bodkin Arrow
24:48 Leather Archer Armor
26:40 Husbandry
29:38 Ballistics
30:42 Wheelbarrow
30:42 Bow Saw
33:54 Heavy Plow
33:46 Gold Mining
39:12 Imperial Age
39:16 Gold Shaft Mining
38:32 Stone Mining
38:17 Light Cavalry
39:09 Scale Barding Armor
39:56 Bracer
41:22 Chain Barding Armor
42:56 Hand Cart
43:31 Parthian Tactics
45:30 Chemistry
45:03 Hussar
45:55 Forging
45:16 Heavy Cavalry Archer
51:21 Iron Casting
Connection lost

Rejoining the realm…

Still unreachable

The connection could not be restored.

Session expired

The server has moved on; the page needs a fresh start.